 Dungeon Crawl Stone Soup version 0.31-a0-1072-g202bf7ea07 (webtiles) character file.

Game seed: 13698185169994302331

87 Baz the Twirler (level 4, -12/34 HPs)
             Began as a Demonspawn Gladiator on Nov 26, 2023.
             Mangled by a gnoll
             ... wielding a +0 halberd
              (14 damage)
             ... on level 2 of the Dungeon.
             The game lasted 00:01:23 (1909 turns).

Baz the Twirler (Demonspawn Gladiator)              Turns: 1909, Time: 00:01:23

Health: -12/34     AC:  6    Str: 17    XL:     4   Next: 28%
Magic:  4/4        EV: 12    Int:  9    God:
Gold:   90         SH:  0    Dex: 14    Spells: 3/3 levels left

rFire   . . .        a - +0 quarterstaff
rCold   . . .        (shield currently unavailable)
rNeg    . . .        b - +0 leather armour
rPois   .            (helmet restricted)
rElec   .            (no cloak)
rCorr   .            n - +0 pair of gloves
SInv    .            (no boots)
Will    .....        (no amulet)
Stlth   +            (no ring)
HPRegen 0.25/turn    (no ring)
MPRegen 0.09/turn

%: no passive effects
@: no status effects
A: antennae 1, yellow scales 1
a: no special abilities


You were on level 2 of the Dungeon.
You visited 1 branch of the dungeon, and saw 2 of its levels.

You collected 90 gold pieces.

Inventory:

Hand Weapons
 a - a +0 quarterstaff (weapon)
Missiles
 d - 3 throwing nets (quivered)
 e - a javelin
Armour
 b - a +0 leather armour (worn)
 c - a +0 helmet
 n - a +0 pair of gloves (worn)
Jewellery
 q - an amulet of faith
Wands
 o - a wand of paralysis (8)
Scrolls
 f - 3 scrolls of poison {unknown}
 g - 6 scrolls of identify {unknown}
 h - 2 scrolls of teleportation {unknown}
 i - a scroll of fear {unknown}
 j - a scroll of silence {unknown}
 k - 2 scrolls of amnesia {unknown}
 l - 3 scrolls of revelation {unknown}
 m - a scroll of vulnerability {unknown}
Potions
 p - a potion of curing {unknown}


   Skills:
 + Level 2.6 Fighting
 * Level 3.6 Staves
 - Level 1.7 Throwing
 + Level 1.3 Armour
 + Level 3.1 Dodging


You had 3 spell levels left.
You didn't know any spells.
Your spell library was empty.

Dungeon Overview and Level Annotations

Branches:
Dungeon (2/15) Zot: 10071

Altars:


Innate Abilities, Weirdness & Mutations

You have a pair of small antennae on your head.
You are partially covered in yellow scales. (AC +2)


Message History

The gnoll is heavily wounded.
The gnoll hits you but does no damage.
You hit the gnoll.
The gnoll is severely wounded.
The gnoll closely misses you.
A gnoll comes into view. It is wielding a +0 halberd.
You barely miss the gnoll.
The gnoll is severely wounded.
The gnoll hits you with a +0 spear.
You closely miss the gnoll.
The gnoll is severely wounded.
The gnoll misses you.
The gnoll shouts!
You hit the gnoll.
The gnoll is severely wounded.
The gnoll hits you but does no damage.
You sock the gnoll!
You kill the gnoll!
You have reached level 4!
You feel stronger.
You closely miss the gnoll. The gnoll hits you with a +0 flail!
You hit the gnoll.
The gnoll is moderately wounded.
The gnoll misses you.
You sock the gnoll!
You kill the gnoll!
The gnoll hits you from afar with a +0 halberd!
* * * LOW HITPOINT WARNING * * *
The gnoll hits you but does no damage. The gnoll attacks as it pursues you!
The gnoll hits you but does no damage. The gnoll attacks as it pursues you!
The gnoll hits you from afar with a +0 halberd.
* * * LOW HITPOINT WARNING * * *
The gnoll attacks as it pursues you! The gnoll barely misses you.
The gnoll attacks as it pursues you! The gnoll closely misses you.
The gnoll attacks as it pursues you! The gnoll closely misses you.
The gnoll hits you from afar with a +0 halberd!
* * * LOW HITPOINT WARNING * * *
The gnoll hits you from afar with a +0 halberd!
You die...

# ####### ##### #.# #.# # #.....#
#...# #.# #.# # #.....# #...# #.#
##.# ######.....# #####...#
#.####..# #...##.....# #.......#
#.......# #...#<.....###.......#
#.##.....
....#................####.......#
..............''.................
...##..###....##@...#........#..#
...##..# #....##....#.###.#.##..#
.......# #....##..g.#.# #.#......
.####..# #....##....#.###........
.####..# #..<.+.................#
.......# #....#######.....####..#
..###..# #................####..#
#.# #..######.................#.#
#.# #.................##......#.#


You could see a gnoll.

Vanquished Creatures
  Terence (D:2)
  2 gnolls (D:2)
  2 adders (D:2)
  A dart slug (D:1)
  4 endoplasms
  A giant cockroach (D:2)
  2 goblins (D:1)
  A kobold (D:2)
  2 quokkas
  4 bats (D:1)
  A frilled lizard (D:1)
  2 rats (D:1)
23 creatures vanquished.

Notes
Turn   | Place    | Note
-------+----------+-------------------------------------------
     0 | D:1      | Baz the Demonspawn Gladiator began the quest for the Orb.
     0 | D:1      | Reached XP level 1. HP: 16/16 MP: 1/1
   346 | D:1      | Gained mutation: You are partially covered in yellow
                  | scales. (AC +2) [demonic ancestry]
   346 | D:1      | Reached XP level 2. HP: 22/22 MP: 2/2
  1203 | D:2      | Gained mutation: You have a pair of small antennae on your
                  | head. [demonic ancestry]
  1203 | D:2      | Reached XP level 3. HP: 25/28 MP: 3/3
  1307 | D:2      | Reached skill level 1 in Armour
  1427 | D:2      | Noticed Terence
  1437 | D:2      | Killed Terence
  1877 | D:2      | Reached XP level 4. HP: 32/34 MP: 4/4
  1909 | D:2      | Mangled by a gnoll

Illustrated notes

Levels and vault maps discovered:
D:1:      kilobyte_arrival_exit_the_forest, layout_basic
D:2:      layout_basic, minmay_hedge_maze, minmay_misc_feat_iff, st_stairs_2,
          uniq_terence

Skill      XL: |  1  2  3 |
---------------+----------+-----
Staves         | 3 |  3.6
Dodging        | 3 |  3.1
Armour         | 1 |  1.3
Fighting       | |  2.6
Throwing       | |  1.7

Action                     |  1- 3 |  4- 6 || total
---------------------------+-------+-------++-------
  Melee: Quarterstaff      |    68 |     3 ||    71
    Use: Potion            |     2 |       ||     2
 Armour: Leather armour    |    37 |     7 ||    44
  Dodge: Dodged            |    41 |     4 ||    45

Table legend: (Time is in decaauts)
 A = Elapsed time spent in this place.
 B = Non-inter-level travel time spent in this place.
 C = Inter-level travel time spent in this place.
 D = Time resting spent in this place.
 E = Time spent auto-exploring this place.
 F = Levels seen in this place.
 G = Mean time per level.
                   A        B        C        D        E       F      G
               +--------+--------+--------+--------+--------+-----+--------+
         Total |   1927 |   1900 |     27 |     23 |   1612 |   2 |  963.5 |
       Dungeon |   1927 |   1900 |     27 |     23 |   1612 |   2 |  963.5 |
               +--------+--------+--------+--------+--------+-----+--------+

Top non-repeatable levels by time:
     D:1: 1195 daAuts
     D:2: 731 daAuts
